 Dungeon Crawl Stone Soup version 0.26-a0-67-g850bfe61e3 (webtiles) character file.

Game seed: 13541951412958433286

155 Gargoyl the Skirmisher (level 5, -1/46 HPs)
             Began as a Centaur Abyssal Knight on June 12, 2020.
             Was a Believer of Lugonu.
             Slain by a river rat (3 damage)
             ... summoned by Eustachio
             ... on level 4 of the Dungeon.
             The game lasted 00:04:07 (3809 turns).

Gargoyl the Skirmisher (Centaur Abyssal Knight)     Turns: 3809, Time: 00:04:08

Health: -1/46      AC:  7    Str: 14    XL:     5   Next: 14%
Magic:  6/7        EV:  6    Int: 11    God:    Lugonu [**....]
Gold:   142        SH: 12    Dex: 10    Spells: 4/4 levels left

rFire    . . .     SeeInvis .   a - +3 hand axe
rCold    . . .     Gourm    .   m - +0 kite shield
rNeg     . . .     Faith    .   b - +0 leather armour
rPois    .         Spirit   .   r - +0 helmet (curse)
rElec    .         Reflect  +   (no cloak)
rCorr    .         Harm     .   i - +0 pair of gloves
MR       .....                  (no barding)
Stlth    +.........             g - amulet of reflection
HPRegen  0.15/turn              (no ring)
MPRegen  0.10/turn              (no ring)

@: flying, very quick
A: large, fangs 1, hooves 3, deformed body, speed 2, tough skin 3, wild magic 1
a: Depart the Abyss, Bend Space, Renounce Religion


You were on level 4 of the Dungeon.
You worshipped Lugonu.
Lugonu was pleased with you.
You were not hungry.

You visited 1 branch of the dungeon, and saw 4 of its levels.
You visited the Abyss 1 time.

You collected 142 gold pieces.

Inventory:

Hand Weapons
 a - a +3 hand axe (weapon)
Armour
 b - a +0 leather armour (worn)
 i - a +0 pair of gloves (worn)
 m - a +0 kite shield (worn)
 r - a cursed +0 helmet (worn)
Jewellery
 g - an amulet of reflection (around neck)
Wands
 p - a wand of random effects (11)
Scrolls
 e - a scroll of blinking
 h - a scroll of magic mapping {unknown}
 k - a scroll of identify
 l - a scroll of fog {unknown}
 o - a scroll of teleportation {unknown}
Potions
 d - a potion of magic
 f - a potion of stabbing
Comestibles
 c - 6 rations


   Skills:
 + Level 3.7 Fighting
 + Level 2.5 Axes
 * Level 2.2 Armour
 * Level 1.4 Dodging
 + Level 0.6 Shields
 * Level 3.0 Invocations


You had 4 spell levels left.
You didn't know any spells.
Your spell library was empty.

Dungeon Overview and Level Annotations

Branches:
Dungeon (4/15)
 Temple: D:4-7

Altars:

Annotations:
D:4 Eustachio


Innate Abilities, Weirdness & Mutations

You have hooves in place of feet.
Armour fits poorly on your strangely shaped body.
You cover ground very quickly.
You have extremely tough skin. (AC +3)
You have very sharp teeth.
Your spells are a little harder to cast, but a little more powerful.


Message History

The bat hits you but does no damage. Eustachio hits you with a +0 rapier.
* * * LOW HITPOINT WARNING * * *
You block the bat's attack. You block the river rat's attack.
Unknown command.
You slash Eustachio!
Eustachio is almost dead.
You barely miss the bat. You closely miss the river rat. You hit the white imp.
The bat barely misses you. You block the bat's attack.
Eustachio hits you with a +0 rapier!
* * * LOW HITPOINT WARNING * * *
The river rat bites you but does no damage.
The white imp hits you but does no damage.
You hit Eustachio.
Eustachio is almost dead.
You closely miss the bat. You closely miss the white imp.
You closely miss the river rat. The bat hits you but does no damage.
You block the bat's attack.
Eustachio casts a spell.
The river rat bites you.
You die...

.#..........##.#.##
...$........##.#..
............##.#.######
............##.#.#<...#
..#####..........#.##.#
.................#....#
.................#.##.#
...........5@b...####.#
.............@r.......#
............b.5..######
.................#
.......###+#####.#
....### #.# .... #.# ..
#.# #.# #.#


You could see Eustachio, a river rat (summoned), 2 white imps and 2 bats.

Vanquished Creatures
  Ijyb (D:3)
  5 adders
  An ooze (D:3)
  3 worms
  3 dart slugs
  2 leopard geckos
  5 orcs (D:3)
  A ball python (D:2)
  4 bats
  3 giant cockroaches
  A goblin (D:2)
  6 hobgoblins
  3 jackals (D:1)
  11 kobolds
  A quokka (D:3)
  4 frilled lizards
  6 rats
60 creatures vanquished.

Notes
Turn   | Place    | Note
-------+----------+-------------------------------------------
     0 | Abyss:1  | Gargoyl the Centaur Abyssal Knight began the quest for the
                  | Orb.
     0 | Abyss:1  | Reached XP level 1. HP: 19/19 MP: 2/2
    11 | Abyss:1  | Gained mutation: You have very sharp teeth. [potion of
                  | mutation]
    11 | Abyss:1  | Gained mutation: Your spells are a little harder to cast,
                  | but a little more powerful. [potion of mutation]
    56 | Abyss:1  | Noticed a wretched star
    57 | D:1      | Escaped the Abyss
   446 | D:1      | Reached * piety under Lugonu
   446 | D:1      | Reached XP level 2. HP: 24/26 MP: 3/3
  1011 | D:1      | Reached skill level 1 in Dodging
  1034 | D:2      | Reached XP level 3. HP: 31/31 MP: 4/4
  1797 | D:2      | Reached XP level 4. HP: 19/38 MP: 4/6
  2634 | D:3      | Noticed Ijyb
  2636 | D:3      | Reached ** piety under Lugonu
  2641 | D:3      | Killed Ijyb
  2894 | D:3      | Reached XP level 5. HP: 46/46 MP: 7/7
  3513 | D:4      | Noticed Eustachio
  3808 | D:4      | HP: 2/46 [Eustachio/+0 rapier (7)]
  3809 | D:4      | Slain by a river rat

Illustrated notes

Levels and vault maps discovered:
D:1:      minmay_arrival_hallway, layout_basic
D:2:      layout_loops_corners
D:3:      layout_loops_ring, first_ration, uniq_ijyb
D:4:      layout_basic, fedhas_bush_and_centaur_altar, uniq_eustachio,
          uniq_edmund, uniq_grinder

Skill      XL: |  1  2  3  4 |
---------------+-------------+-----
Dodging        | 1 |  1.4
Axes           | 2 |  2.5
Armour         | 2 |  2.2
Invocations    | 3 |  3.0
Fighting       | |  3.7
Shields        | |  0.6

Action                   |  1- 3 |  4- 6 || total
-------------------------+-------+-------++-------
Melee: Hand axe          |    92 |   104 ||   196
       Kick              |    14 |    17 ||    31
       Bite              |     4 |     4 ||     8
Invok: Depart the Abyss  |     1 |       ||     1
       Bend Space        |       |     1 ||     1
  Use: Potion            |     2 |     2 ||     4
       Scroll            |     4 |     1 ||     5
  Eat: Chunk             |     1 |     4 ||     5
       Ration            |       |     1 ||     1
Armor: Leather armour    |    39 |    50 ||    89
Dodge: Dodged            |    43 |    28 ||    71
Block: Other             |    11 |       ||    11
       Reflection        |     1 |     1 ||     2
       Kite shield       |    23 |    75 ||    98

Table legend:
 A = Non-vault XP
 B = Vault XP
 C = Vault XP percentage of total XP
 D = Non-vault monster count
 E = Vault monster count
 F = Vault count percentage of total count
                 A         B        C        D         E       F
            +---------+---------+-------+---------+---------+-------
      Total |     186 |      36 |  16.2 |      59 |       1 |   1.7
            +---------+---------+-------+---------+---------+-------
        D:1 |      40 |       0 |   0.0 |      21 |       0 |   0.0
        D:2 |      57 |       0 |   0.0 |      15 |       0 |   0.0
        D:3 |      75 |      36 |  32.4 |      22 |       1 |   4.3
        D:4 |      14 |       0 |   0.0 |       1 |       0 |   0.0
            +---------+---------+-------+---------+---------+-------
